 Dungeon Crawl Stone Soup version 0.22.1-2-g9c5b331 (webtiles) character file.

219 zeepkist the Cudgeler (level 5, -1/45 HPs)
             Began as a Minotaur Berserker on Nov 19, 2018.
             Was a Priest of Trog.
             Slain by an ice beast (6 damage)
             ... on level 4 of the Dungeon.
             The game lasted 00:10:04 (3465 turns).

zeepkist the Cudgeler (Minotaur Berserker)          Turns: 3465, Time: 00:10:05

Health: -1/45      AC:  6    Str: 23    XL:     5   Next: 64%
Magic:  4/4        EV: 10    Int:  4    God:    Trog [***...]
Gold:   142        SH:  0    Dex:  9    Spells: 4/4 levels left

rFire    . . .     SeeInvis .   a - +0 mace
rCold    . . .     Gourm    .   (no shield)
rNeg     . . .     Faith    .   s - +0 scale mail
rPois    .         Spirit   .   (helmet restricted)
rElec    .         Reflect  .   (no cloak)
rCorr    .         Harm     .   (no gloves)
MR       .....                  (no boots)
Stlth    ..........             d - amulet of magic regeneration
HPRegen  0.15/turn              (no ring)
MPRegen  0.34/turn              (no ring)

@: no status effects
A: retaliatory headbutt, horns 2
a: Berserk, Trog's Hand, Renounce Religion


You were on level 4 of the Dungeon.
You worshipped Trog.
Trog was most pleased with you.
You were not hungry.

You visited 1 branch of the dungeon, and saw 4 of its levels.

You collected 142 gold pieces.

Inventory:

Hand Weapons
 a - a +0 mace (weapon)
Armour
 b - a +0 animal skin
 h - a +0 chain mail
 j - a +0 helmet
 s - a +0 scale mail (worn)
Jewellery
 d - an amulet of magic regeneration (around neck)
 o - a +5 ring of strength {unknown}
Scrolls
 e - 2 scrolls of remove curse {unknown}
 f - a scroll of amnesia {unknown}
 g - a scroll of enchant weapon {unknown}
 i - 3 scrolls of identify {unknown}
 k - a scroll of blinking {unknown}
 m - 2 scrolls of immolation {unknown}
Potions
 l - a potion of ambrosia {unknown}
 n - 2 potions of heal wounds {unknown}
 p - 2 potions of might {unknown}
 r - a potion of flight {unknown}
 t - a potion of curing {unknown}
Comestibles
 c - 4 rations


   Skills:
 - Level 3.6 Fighting
 + Level 7.7 Maces & Flails
 - Level 2.4 Armour
 - Level 2.1 Dodging


You had 4 spell levels left.
You didn't know any spells.
Your spell library was empty.

Dungeon Overview and Level Annotations

Branches:
Dungeon (4/15)
 Temple: D:4-7

Altars:
Ashenzari
Makhleb
Qazlal
Ru
Trog
Vehumet


Innate Abilities, Weirdness & Mutations

You reflexively headbutt those who attack you in melee.
You have a pair of horns on your head.


Message History

You hit the ice beast.
The ice beast is heavily wounded.
The ice beast hits you. The ice beast freezes you!
You barely miss the ice beast.
The ice beast is heavily wounded.
The ice beast hits you but does no damage.
You hit the ice beast.
The ice beast is severely wounded.
The ice beast hits you. The ice beast freezes you!
* * * LOW HITPOINT WARNING * * *
You closely miss the ice beast.
You headbutt the ice beast, but do no damage.
The ice beast is severely wounded.
The ice beast hits you but does no damage.
You hit the ice beast.
The ice beast is severely wounded.
The ice beast hits you.
* * * LOW HITPOINT WARNING * * *
The ice beast freezes you.
You die...

'##....# #..........
..#....# #..........#
..'....# #..........#
+##....# ##..........#
.....### #...........#
.....# #...........#
.....# #...........#
.....# #...........#
#+##.######.....@.....#
................Y.....#
....#.........<.......#
#####.................#
...........#####......#
.....####### #......#
.....# ######## .....#
..<..#


You could see an ice beast.

Vanquished Creatures
  A crimson imp (D:4)
  An orc priest (D:4)
  An orc wizard (D:4)
  A bullfrog skeleton (D:4)
  An adder (D:4)
  An ooze (D:3)
  2 adder skeletons
  2 dart slugs (D:1)
  6 leopard geckos
  3 orcs (D:4)
  6 bats
  2 giant cockroaches (D:1)
  8 goblins
  8 hobgoblins
  2 jackals (D:1)
  2 quokkas (D:3)
  4 frilled lizards
  A jackal skeleton (D:4)
  6 kobolds
  5 rats
  A plant (D:3)
64 creatures vanquished.

Notes
Turn   | Place    | Note
-------+----------+-------------------------------------------
     0 | D:1      | zeepkist the Minotaur Berserker began the quest for the
                  | Orb.
     0 | D:1      | Reached XP level 1. HP: 19/19 MP: 0/0
   161 | D:1      | Reached skill level 4 in Maces & Flails
   217 | D:1      | Reached XP level 2. HP: 24/26 MP: 1/1
   538 | D:1      | Reached skill level 5 in Maces & Flails
   785 | D:1      | Reached XP level 3. HP: 31/31 MP: 2/2
   988 | D:1      | Reached ** piety under Trog
  1320 | D:2      | Found a sacrificial altar of Ru.
  1764 | D:2      | Found a burning altar of Makhleb.
  1767 | D:2      | Found a sacrificial altar of Ru.
  1770 | D:2      | Found a bloodstained altar of Trog.
  2330 | D:3      | Reached XP level 4. HP: 39/39 MP: 3/3
  2367 | D:3      | Reached skill level 6 in Maces & Flails
  2528 | D:3      | Found a stormy altar of Qazlal.
  2530 | D:3      | Found a shattered altar of Ashenzari.
  2535 | D:3      | Found a radiant altar of Vehumet.
  2885 | D:4      | Reached XP level 5. HP: 37/45 MP: 4/4
  2892 | D:4      | Reached skill level 7 in Maces & Flails
  3349 | D:4      | Reached *** piety under Trog
  3447 | D:4      | Noticed an ice beast
  3465 | D:4      | Slain by an ice beast

Skill      XL: |  1  2  3  4  5 |
---------------+----------------+-----
Maces & Flails | 4 5 6 7 |  7.7
Fighting       | |  3.6
Armour         | |  2.4
Dodging        | |  2.1

Action                   |  1- 3 |  4- 6 || total
-------------------------+-------+-------++-------
Melee: Mace              |   103 |    77 ||   180
       Headbutt          |    10 |    19 ||    29
Invok: Berserk           |     1 |       ||     1
  Eat: Ration            |     2 |     1 ||     3
       Chunk             |       |     1 ||     1
Armor: Chain mail        |    59 |    10 ||    69
       Animal skin       |     4 |       ||     4
       Scale mail        |       |    15 ||    15
Dodge: Dodged            |    69 |    18 ||    87
